 Dungeon Crawl Stone Soup version 0.30-a0-777-ga9a30cbeda (webtiles) character file.

Game seed: 13623248575600551247

12 sircluck the Caller (level 2, -4/15 HPs)
             Began as a Tengu Summoner on Feb 14, 2023.
             Slain by a quokka (5 damage)
             ... on level 1 of the Dungeon.
             The game lasted 00:01:14 (308 turns).

sircluck the Caller (Tengu Summoner)                 Turns: 308, Time: 00:01:15

Health: -4/15      AC:  2    Str: 14    XL:     2   Next: 33%
Magic:  4/6        EV: 12    Int: 15    God:
Gold:   0          SH:  0    Dex: 14    Spells: 4/5 levels left

rFire   . . .      SeeInvis .    d - +0 dagger
rCold   . . .      Faith    .    (no shield)
rNeg    . . .      Spirit   .    a - +0 robe
rPois   .          Reflect  .    (helmet restricted)
rElec   .          Harm     .    (no cloak)
rCorr   .          Rampage  .    (no gloves)
Will    .....                    (boots unavailable)
Stlth   ++                       (no amulet)
HPRegen 0.22/turn                c - +6 ring of strength
MPRegen 0.10/turn                (no ring)

@: no status effects
A: beak, talons 3
a: no special abilities


You were on level 1 of the Dungeon.
You visited 1 branch of the dungeon, and saw 1 of its levels.

Inventory:

Hand Weapons
 d - a +0 dagger (weapon)
Armour
 a - a +0 robe (worn)
Jewellery
 c - a +6 ring of strength (left hand)
Potions
 b - a potion of magic


   Skills:
 + Level 0.1 Fighting
 + Level 2.2 Dodging
 + Level 2.0 Stealth
 + Level 0.2 Unarmed Combat
 + Level 2.1 Spellcasting
 + Level 5.3 Summonings


You had 4 spell levels left.
You knew the following spells:

 Your Spells              Type           Power      Damage    Failure   Level
a - Summon Small Mammal   Summ           68%        N/A       2%          1

Your spell library contained the following spells:

 Spells                   Type           Power      Damage    Failure   Level
 Call Imp                 Summ           17%        N/A       3%          2
 Call Canine Familiar     Summ           17%        N/A       8%          3
 Summon Guardian Golem    Hex/Summ       9%         N/A       22%         3
 Summon Lightning Spire   Summ/Air       9%         N/A       58%         4


Dungeon Overview and Level Annotations

Branches:
Dungeon (1/15)

Altars:


Innate Abilities, Weirdness & Mutations

You have a beak for a mouth.
You have claws for feet.


Message History

The rat moves out of view.
Things that are here:
a +0 dagger; a kobold corpse The rat misses you.
You hit the rat but do no damage. You claw the rat.
You kill the rat!
A quokka and 2 hobgoblins come into view.
The endoplasm quivers.
A ball python comes into view.
Found a puce potion.
A ball python comes into view.
The hobgoblin shouts!
The ball python hisses angrily.
A bat comes into view.
The endoplasm hits you.
The bat moves out of view.
You barely miss the endoplasm.
The hobgoblin shouts!
The endoplasm freezes you.
You are frozen.
Casting: Summon Small Mammal (safe; 2% risk of failure)
Confirm with . or Enter, or press ? or * to list all spells.
The endoplasm misses you.
Casting: Summon Small Mammal (safe; 2% risk of failure)
Confirm with . or Enter, or press ? or * to list all spells.
The quokka barely misses you.
Your quokka bites the hobgoblin.
The endoplasm freezes you.
You are frozen.
The quokka attacks as you move away! The quokka barely misses you.
Your bat barely misses the quokka.
The bat closely misses your bat.
Your bat barely misses the bat.
The endoplasm attacks as you move away! The endoplasm barely misses you.
The quokka attacks as you move away! The quokka bites you.
Your bat hits the endoplasm but does no damage.
Your bat hits the hobgoblin but does no damage.
The ball python closely misses your quokka.
The ball python barely misses your quokka.
Your quokka completely misses the hobgoblin.
Your bat closely misses the bat.
The quokka bites you.
* * * LOW HITPOINT WARNING * * *
The quokka attacks as you move away! The quokka bites you.
You die...

~~≈≈# #.# #.#.....#...# ~##≈#
#.# ####.#.........#
~~~≈###.#####..........##..#
~#<≈+.........####.....##....
~#~≈########### #...........
~##≈# #####......... #~~≈#
#.).....##.#. #####
##.####### ## #.@†#


#JrS# #.g.# #bg.# #b.r.. #..S.## ...... ........ ..!...... You could see an
endoplasm, a quokka (ally target), 2 hobgoblins, a bat, 2 ball pythons, a
friendly quokka (summoned) and a friendly bat (summoned).

Vanquished Creatures
  A bat (D:1)
  A goblin (D:1)
  A hobgoblin (D:1)
  2 jackals (D:1)
  A kobold (D:1)
  3 ball pythons (D:1)
  A rat (D:1)
10 creatures vanquished.

Notes
Turn   | Place    | Note
-------+----------+-------------------------------------------
     0 | D:1      | sircluck the Tengu Summoner began the quest for the Orb.
     0 | D:1      | Reached XP level 1. HP: 10/10 MP: 4/4
   123 | D:1      | Reached skill level 5 in Summonings
   149 | D:1      | Reached XP level 2. HP: 7/15 MP: 6/6
   308 | D:1      | Slain by a quokka

Illustrated notes

Levels and vault maps discovered:
D:1:      ncdulo_wetmaze, layout_loops_cross

Skill      XL: |  1 |
---------------+----+-----
Summonings     | 5 |  5.3
Fighting       | |  0.1
Dodging        | |  2.2
Stealth        | |  2.0
Unarmed Combat | |  0.2
Spellcasting   | |  2.1

Action                     || total
---------------------------++-------
  Melee: Unarmed           ||    21
         Kick              ||     9
         Peck              ||     3
         Dagger            ||    11
   Cast: Summon Small Mamm ||     6
   Stab: Sleeping          ||     1
 Armour: Robe              ||     3
  Dodge: Dodged            ||    27

Table legend: (Time is in decaauts)
 A = Elapsed time spent in this place.
 B = Non-inter-level travel time spent in this place.
 C = Inter-level travel time spent in this place.
 D = Time resting spent in this place.
 E = Time spent auto-exploring this place.
 F = Levels seen in this place.
 G = Mean time per level.
                   A        B        C        D        E       F      G
               +--------+--------+--------+--------+--------+-----+--------+
         Total |    316 |    316 |      0 |      0 |    232 |   1 |  316.0 |
       Dungeon |    316 |    316 |      0 |      0 |    232 |   1 |  316.0 |
               +--------+--------+--------+--------+--------+-----+--------+

Top non-repeatable levels by time:
     D:1: 316 daAuts
